 Dungeon Crawl Stone Soup version 0.30.1-9-gdf580d7c3d (webtiles) character file.

Game seed: 2298302283758140731

106722 monsoonserge the Brawler (level 15, -7/114 HPs)
             Began as a Demonspawn Warper on Oct 16, 2023.
             Was an Elder of Wu Jian.
             Mangled by a radroach (50 damage)
             ... on level 2 of the Spider Nest.
             The game lasted 01:53:50 (27267 turns).

monsoonserge the Brawler (Demonspawn Warper)       Turns: 27267, Time: 01:53:50

Health: -7/114     AC: 18    Str: 22    XL:     15   Next: 98%
Magic:  9/25       EV: 14    Int: 23    God:    Wu Jian [****..]
Gold:   1913       SH: 19    Dex: 14    Spells: 19/27 levels left

rFire   + +          .
                       - Unarmed
rCold   + + .        E - +2 shield of Resistance {rF++ rC++ Will++}
rNeg    . . .        u - +7 toga "Victory" {*Victory Int+7 Slay+7 Clar}
rPois   +            T - +0 mask of the Dragon {Will+ Slay+3 SInv}
rElec   .            P - +1 cloak {Will+}
rCorr   +            (no gloves)
SInv    +            s - +2 pair of boots of Xisout {Fly}
Will    +++++        G - amulet of reflection
Stlth   +++          b - ring of poison resistance
HPRegen 0.39/turn    i - +6 ring of strength
MPRegen 0.19/turn

%: reflection, clarity
@: flying, very slightly contaminated, studying Spellcasting
A: claws 2, yellow scales 3, foul stench 1, spiny 2
a: Renounce Religion, Wall Jump, Serpent's Lash


You were on level 2 of the Spider Nest.
You worshipped Wu Jian.
Wu Jian was greatly pleased with you.
You visited 6 branches of the dungeon, and saw 24 of its levels.
You also visited: Gauntlet.

You collected 2264 gold pieces.
You spent 351 gold pieces at shops.

Inventory:

Missiles
 a - 3 throwing nets
 d - 7 boomerangs of dispersal
 f - 20 boomerangs
 p - 45 poisoned darts (quivered)
 v - 24 javelins
 K - 4 silver boomerangs
 Q - 12 curare-tipped darts
 V - 4 atropa-tipped darts
Armour
 e - quicksilver dragon scales
 g - the +1 helmet of Guwieheg {rPois rN+++ Dex+3 Stlth-}
   (You found it in a Gauntlet)

   Dex:       It affects your dexterity (+3).
   rPois:     It protects you from poison.
   rN:        It renders you almost immune to negative energy.
   Stlth:     It makes you less stealthy.
 s - the +2 pair of boots of Xisout (worn) {Fly}
   (You found it in a Gauntlet)

   Fly:       It grants you flight.
 u - the +7 toga "Victory" (worn) {*Victory Int+7 Slay+7 Clar}
   (You found it on level 2 of the Dungeon)

   *Victory:  When the wearer kills a threatening monster, it has a chance to
   gain +1 AC, +1 Slay, and +1 Int, capping at +7.
   When the wearer uses a scroll or a potion with a hostile monster in sight,
   its bonuses reset to +0.
   Unequipping it also resets its bonuses to +0.
   Int:       It affects your intelligence (+7).
   Slay:      It affects your accuracy & damage with ranged weapons and melee
   (+7).
   Clar:      It protects you from confusion, rage, mesmerisation and fear.
 E - the +2 shield of Resistance (worn) {rF++ rC++ Will++}
   (You found it on level 11 of the Dungeon)

   rF:        It greatly protects you from fire.
   rC:        It greatly protects you from cold.
   Will:      It greatly increases your willpower.
 P - a +1 cloak of willpower (worn)
 T - the +0 mask of the Dragon (worn) {Will+ Slay+3 SInv}
   (You found it in a Gauntlet)

   Slay:      It affects your accuracy & damage with ranged weapons and melee
   (+3).
   SInv:      It lets you see invisible.
   Will:      It increases your willpower.
 W - the +1 robe of Zatwist {Drain rPois rCorr Int+3}
   (You found it on level 2 of the Lair of Beasts)

   Int:       It affects your intelligence (+3).
   rPois:     It protects you from poison.
   rCorr:     It protects you from acid and corrosion.
   Drain:     It drains your maximum health when unequipped.
Jewellery
 b - a ring of poison resistance (left claw)
 i - a +6 ring of strength (right claw)
 G - an amulet of reflection (around neck)
 J - a ring of willpower
 O - a ring of see invisible
Wands
 q - a wand of quicksilver (9)
 D - a wand of flame (22)
 F - a wand of iceblast (38)
 S - a wand of paralysis (17)
 Y - a wand of polymorph (3)
Scrolls
 c - 3 scrolls of blinking
 k - 4 scrolls of fear
 t - 10 scrolls of teleportation {unknown}
 x - a scroll of torment
 y - a scroll of fog
 A - 7 scrolls of amnesia
 B - 2 scrolls of butterflies
 I - 7 scrolls of magic mapping
 L - a scroll of silence
 R - 2 scrolls of poison
Potions
 h - 3 potions of resistance
 j - 12 potions of curing
 l - 3 potions of lignification {unknown}
 m - a potion of berserk rage
 n - 4 potions of heal wounds
 o - 2 potions of cancellation
 r - 2 potions of flight {unknown}
 w - 2 potions of mutation {unknown}
 z - 5 potions of attraction
 H - 4 potions of invisibility
 M - 2 potions of might
 N - a potion of haste
 U - 4 potions of brilliance
 X - 5 potions of magic {unknown}
Miscellaneous
 Z - a condenser vane


   Skills:
 * Level 9.6 Fighting
 - Level 1.0(1.7) Short Blades
 - Level 2.1(2.3) Long Blades
 - Level 1.0 Polearms
 + Level 2.3 Throwing
 - Level 2.4 Armour
 + Level 7.8 Dodging
 + Level 4.2 Stealth
 * Level 12.6 Shields
 * Level 18.6 Unarmed Combat
 * Level 6.7 Spellcasting
 - Level 5.0 Translocations
 - Level 3.0 Air Magic
 + Level 1.2 Evocations


You had 19 spell levels left.
You knew the following spells:

 Your Spells              Type           Power      Damage    Failure   Level
a - Blink                 Tloc           60%        N/A       2%          2
b - Vhi's Electric Charg  Tloc/Air       52%        N/A       8%          3
c - Swiftness             Air            21%        N/A       12%         3

Your spell library contained the following spells:

 Spells                   Type           Power      Damage    Failure   Level
 Apportation              Tloc           60%        N/A       1%          1
 Lesser Beckoning         Tloc           60%        N/A       2%          2
 Teleport Other           Tloc           30%        N/A       4%          3
 Shock                    Conj/Air       56%        1d6       7%          1
 Momentum Strike          Conj/Tloc      38%        3d9       7%          2
 Poisonous Vapours        Pois/Air       28%        N/A       11%         2
 Static Discharge         Conj/Air       28%        2-4/arc   11%         2
 Necrotise                Necr           28%        1d5       13%         1
 Sandblast                Erth           14%        2d6       13%         1
 Slow                     Hex            28%        N/A       13%         1
 Sting                    Tmut/Pois      28%        1d4       13%         1
 Summon Small Mammal      Summ           28%        N/A       13%         1
 Cigotuvi's Dreadful Rot  Necr/Pois/Air  24%        N/A       13%         2
 Portal Projectile        Hex/Tloc       38%        N/A       14%         3
 Manifold Assault         Tloc           30%        N/A       17%         4
 Passage of Golubria      Tloc           30%        N/A       17%         4
 Ensorcelled Hibernation  Hex/Ice        14%        N/A       21%         2
 Passwall                 Tmut/Erth      5%         N/A       21%         2
 Call Canine Familiar     Summ           7%         N/A       36%         3
 Confusing Touch          Hex            7%         N/A       36%         3
 Ignite Poison            Fire/Tmut/Pois 7%         N/A       36%         3
 Inner Flame              Hex/Fire       7%         N/A       36%         3
 Ozocubu's Armour         Ice            7%         N/A       36%         3
 Stone Arrow              Conj/Erth      14%        3d7       36%         3
 Tukima's Dance           Hex            7%         N/A       36%         3
 Vampiric Draining        Necr           7%         2d6       36%         3
 Airstrike                Air            10%        2d(2-18)  36%         4
 Summon Lightning Spire   Summ/Air       14%        N/A       56%         4
 Flame Wave               Conj/Fire      7%         2d5       78%         4
 Leda's Liquefaction      Hex/Erth       3%         N/A       78%         4
 Olgreb's Toxic Radiance  Pois           7%         N/A       78%         4
 Sticky Flame             Conj/Fire      7%         2d3       78%         4
 Freezing Cloud           Conj/Ice/Air   6%         6-21      94%         5
 Dispersal                Tloc           15%        N/A       95%         6
 Agony                    Necr           7%         N/A       98%         5
 Alistair's Intoxication  Tmut/Pois      4%         N/A       98%         5
 Yara's Violent Unravell  Hex/Tmut       3%         3d4       98%         5
 Ozocubu's Refrigeration  Ice            3%         4d8       100%        7
 Disjunction              Tloc           15%        N/A       100%        8


Dungeon Overview and Level Annotations

Branches:
Dungeon (12/15)            Temple (1/1) D:5            Lair (5/5) D:8
 Shoals (1/4) Lair:3       Spider (3/4) Lair:2        Slime (0/5) Lair:4
    Orc (2/2) D:10            Elf (0/3) Orc:2       Gauntlet (visited)

Altars:
Ashenzari
Cheibriados
Dithmenos
Fedhas
Gozag
Hepliaklqana
Kikubaaqudgha
Makhleb
Nemelex Xobeh
Okawaru
Qazlal
Ru
Sif Muna
Trog
Uskayaw
Vehumet
Wu Jian
Xom
Yredelemnul
Jiyva
Lugonu

Shops:
D:1 [   D:3 (   D:8 *   D:11 =   Orc:2 :*[!(

Portals:
Abyss: Lair:5

Annotations:
Shoals:1 Mlioglotl


Innate Abilities, Weirdness & Mutations

You have very sharp fingernails.
You are completely covered in yellow scales. (AC +4, rCorr)
You may rarely emit foul miasma when damaged in melee.
You are mostly covered in sharp spines.


Message History

You block the radroach's attack. x2
The ghost moth stares at you.
You feel your power leaking away.
You mangle the radroach!!
The radroach is heavily wounded.
The radroach is struck by your spines.
The radroach bites you but does no damage.
You block the radroach's attack. The ghost moth stares at you.
You feel your power leaking away.
Unknown command.
Unknown command.
You spin and attack the radroach repeatedly.
You scratch the radroach.
The radroach is severely wounded.
You claw the radroach!
The radroach is almost dead.
You spin and attack the jumping spider.
You mangle the jumping spider!!
The jumping spider is almost dead.
The jumping spider is struck by your spines.
You kill the jumping spider!
The Council accepts your kill. The radroach misses you.
The radroach closely misses you.
Unknown command.
Unknown command.
Found a potion of curing.
You spin and attack the ghost moth.
You mangle the ghost moth!!
The ghost moth is moderately wounded.
You spin and attack the radroach.
You claw the radroach!
The radroach is almost dead.
The ghost moth stares at you.
You feel your power leaking away.
The ghost moth is struck by your spines.
The ghost moth hits you but does no damage.
You block the ghost moth's attack. x2
The radroach erupts in a fountain of uncontrolled magic!
The ghost moth is blasted with magical radiation!!!
The ghost moth twists and deforms.
You are blasted with magical radiation!!!
You die...

.....##§§§§ !^
.....#§§§☼
.^..#####...##☼§§
....#......§§#§☼# ..
..........§§.#§☼☼
...######..^....§☼..[§§§
##........#######....§§#
#.........#>.........☼§.
######@y.##........##..
#^....^B.......s....^...
##..................#...
####.........#.....#.##
......##..###......###.
#........##§§......#...
........##§§☼......#...
...######☼☼☼§..#.#.....
..##...........##......


You could see a radroach and a ghost moth (invisible, misshapen).

Vanquished Creatures
  Jorgrun (Shoals:1)
  Rupert (Lair:3)
  Frances (Shoals:1)
  Kirke (Lair:3)
  3 ghost moths (Spider:1)
  A broodmother (Spider:1)
  An orc warlord (Orc:2)
  2 spark wasps
  A minotaur (Gauntlet)
  2 fire dragons (D:11)
  An ettin (Orc:2)
  Josephine (D:11)
  2 entropy weavers (Spider:1)
  2 ice dragons (D:11)
  2 jorogumos
  2 radroaches (Spider:2)
  2 boulder beetles
  3 two-headed ogres
  A death scarab (Spider:2)
  Urug (D:10)
  9 death yaks
  4 thrashing horrors (Lair:5)
  6 orc high priests
  Sonja (D:10)
  2 pharaoh ants
  Amaemon (Lair:3)
  11 orb spiders
  A deep elf pyromancer (D:12)
  3 orc knights (Orc:2)
  5 wolf spiders
  4 steelbarb worms
  5 orc sorcerers
  A salamander (shapeshifter) (Lair:5)
  3 cyclopes
  3 moths of wrath
  An oklob plant (Lair:5)
  A manticore (Lair:3)
  6 elephants
  4 demonic crawlers
  2 merfolk sirens (Shoals:1)
  Maurice (D:9)
  A water nymph (Shoals:1)
  A cane toad (shapeshifter) (Lair:5)
  An apocalypse crab (Gauntlet)
  2 gargoyles
  A smoke demon (Lair:5)
  A black mamba (Lair:5)
  A torpor snail (Spider:1)
  An orange demon (Lair:3)
  8 cane toads
  6 komodo dragons
  Maggie (Lair:2)
  6 kobold demonologists (D:12)
  6 rime drakes
  An ancient zyme (Lair:5)
  6 trolls
  A polar bear (D:8)
  A merfolk (Shoals:1)
  A troll (shapeshifter) (Lair:5)
  A wind drake (Lair:3)
  5 tarantellas
  The ghost of Logoto the Firebug, an amateur DrFE of Qazlal (D:5)
  A hornet (Lair:2)
  18 blink frogs
  Prince Ribbit (Lair:2)
  2 snapping turtles (Shoals:1)
  4 dream sheep (Lair:5)
  8 culicivoras
  22 jumping spiders
  A centaur simulacrum (Gauntlet)
  3 shadows
  A spriggan (Lair:5)
  A ynoxinul (Lair:5)
  4 wyverns
  A vampire (D:9)
  4 wraiths (D:11)
  45 yaks
  2 large abominations (Lair:5)
  A yak (shapeshifter) (Lair:5)
  14 small abominations
  7 hogs
  Grum (D:9)
  27 redbacks
  A chaos spawn (Lair:5)
  A steam dragon (D:8)
  2 vampire mosquitoes (D:12)
  6 basilisks
  2 wargs
  An acid dragon (D:9)
  10 water moccasins
  A meliai simulacrum (Gauntlet)
  29 orc warriors
  9 ice beasts
  4 ogres
  24 wolves
  4 centaurs
  Blork the orc (D:6)
  4 kobold brigands (D:12)
  9 bullfrogs
  3 gnoll sergeants
  A scorpion (D:5)
  3 wights (D:9)
  A hornet simulacrum (Gauntlet)
  3 killer bees (D:11)
  8 howler monkeys
  An electric eel (Lair:1)
  A jelly (D:5)
  27 orc priests
  3 hounds
  2 iguanas
  2 sleepcaps
  4 hell rats (Lair:5)
  25 orc wizards
  15 gnolls
  13 adders
  A river rat (D:5)
  A white imp (D:7)
  3 ufetubi
  4 dart slugs
  A worm (D:2)
  85 orcs
  6 ball pythons
  9 endoplasms
  4 giant cockroaches
  10 goblins
  6 hobgoblins
  3 jackals (D:3)
  13 kobolds
  3 quokkas
  4 bats
  5 frilled lizards
  8 rats
712 creatures vanquished.

Vanquished Creatures (others)
  Nessos (Lair:4)
  2 culicivoras
  A ynoxinul (Lair:5)
  A centaur (D:8)
  A kobold brigand (D:12)
  An orc wizard (Orc:2)
  An orc (Orc:2)
8 creatures vanquished.

Grand Total: 720 creatures vanquished

Notes
Turn   | Place    | Note
-------+----------+-------------------------------------------
     0 | D:1      | monsoonserge the Demonspawn Warper began the quest for the
                  | Orb.
     0 | D:1      | Reached XP level 1. HP: 16/16 MP: 3/3
     0 | D:1      | Noticed a merfolk zombie
     1 | D:1      | Noticed a merfolk zombie
     1 | D:1      | Noticed a minotaur zombie
    14 | D:1      | Noticed a merfolk zombie
    16 | D:1      | Noticed a minotaur zombie
    24 | D:1      | Noticed a demonspawn zombie
    50 | D:1      | Found Boloalut's Armour Shop.
   214 | D:1      | Reached skill level 1 in Armour
   266 | D:1      | Gained mutation: You are partially covered in yellow
                  | scales. (AC +2) [demonic ancestry]
   266 | D:1      | Reached XP level 2. HP: 17/22 MP: 5/5
   702 | D:1      | Learned a level 2 spell: Blink
  1123 | D:2      | Reached XP level 3. HP: 19/28 MP: 6/6
  1207 | D:2      | Found the +0 toga "Victory" {*Victory Clar}
  1209 | D:2      | You fall into a shaft and drop 1 floor!
  1568 | D:2      | Gained mutation: You may rarely emit foul miasma when
                  | damaged in melee. [demonic ancestry]
  1568 | D:2      | Reached XP level 4. HP: 34/34 MP: 7/7
  1882 | D:2      | Reached skill level 1 in Short Blades
  2229 | D:3      | Gained mutation: You have sharp fingernails. [demonic
                  | ancestry]
  2229 | D:3      | Reached XP level 5. HP: 15/39 MP: 8/8
  2637 | D:3      | Found a faded altar of an unknown god.
  2900 | D:3      | Found Damm's Weapon Shoppe.
  3043 | D:4      | Found a radiant altar of Vehumet.
  3248 | D:4      | Reached skill level 1 in Unarmed Combat
  3388 | D:4      | Found a sacrificial altar of Ru.
  3423 | D:4      | Reached XP level 6. HP: 36/47 MP: 9/9
  3767 | D:4      | Identified the +4 trident "Lucicung" {drain, Str+5}
  3919 | D:4      | Found a shimmering altar of Xom.
  3971 | D:4      | Found an iron altar of Okawaru.
  4179 | D:5      | Entered Level 5 of the Dungeon
  4223 | D:5      | Found a staircase to the Ecumenical Temple.
  4277 | Temple   | Entered the Ecumenical Temple
  4408 | D:5      | Found an opulent altar of Gozag.
  4444 | D:5      | Reached skill level 2 in Unarmed Combat
  4543 | D:5      | Found a runed translucent door.
  4550 | D:5      | Reached skill level 1 in Polearms
  4550 | D:5      | Gained mutation: You are mostly covered in yellow scales.
                  | (AC +3) [demonic ancestry]
  4550 | D:5      | Reached XP level 7. HP: 34/53 MP: 10/10
  4568 | D:5      | Noticed Logoto's ghost (amateur DrFE)
  4579 | D:5      | Identified the +1 plate armour of the Minstrel {rPois MP+9}
  4630 | D:5      | Reached skill level 1 in Stealth
  4928 | D:5      | Found a bloodstained altar of Trog.
  5038 | D:5      | Found an ornate altar of the Wu Jian Council.
  5062 | D:5      | Found a blossoming altar of Fedhas.
  5077 | D:5      | Found a runed translucent door.
  5494 | D:6      | Reached skill level 3 in Unarmed Combat
  5576 | D:6      | Noticed Blork the orc
  5586 | D:6      | Killed Blork the orc
  5587 | D:6      | Reached XP level 8. HP: 50/60 MP: 11/11
  5711 | D:6      | Reached skill level 5 in Fighting
  5711 | D:6      | Reached skill level 5 in Dodging
  5802 | D:6      | Reached skill level 4 in Unarmed Combat
  5805 | D:6      | Reached skill level 1 in Throwing
  6905 | D:7      | Reached skill level 5 in Unarmed Combat
  7319 | D:8      | Reached skill level 6 in Unarmed Combat
  7334 | D:8      | Reached XP level 9. HP: 31/68 MP: 12/12
  7349 | D:8      | Learned a level 3 spell: Vhi's Electric Charge
  7674 | D:5      | Became a worshipper of the Wu Jian Council
  7800 | D:8      | Noticed a rime drake
  7874 | D:8      | Found Gizaevuz's Assorted Antiques.
  7877 | D:8      | Bought a golden potion for 22 gold pieces
  7899 | D:8      | Noticed a polar bear
  7919 | D:7      | Reached skill level 1 in Air Magic
  8062 | D:8      | Reached skill level 7 in Unarmed Combat
  8154 | D:7      | Reached skill level 1 in Evocations
  8279 | D:8      | Killed a rime drake
  8468 | D:8      | Reached skill level 8 in Unarmed Combat
  8500 | D:8      | Found a staircase to the Lair.
  8550 | Lair:1   | Entered Level 1 of the Lair of Beasts
  8577 | Lair:1   | Noticed a cane toad
  8588 | Lair:1   | Killed a cane toad
  8589 | Lair:1   | Gained mutation: You have very sharp fingernails. [demonic
                  | ancestry]
  8589 | Lair:1   | Reached XP level 10. HP: 53/76 MP: 14/14
  8694 | Lair:1   | Reached skill level 5 in Translocations
  8808 | Lair:1   | Noticed a cane toad
  8815 | Lair:1   | Killed a cane toad
  8856 | Lair:1   | Reached skill level 9 in Unarmed Combat
  8994 | Lair:1   | Reached * piety under Wu Jian
  9219 | Lair:1   | Learned a level 3 spell: Swiftness
  9270 | Lair:1   | Reached skill level 10 in Unarmed Combat
  9510 | Lair:1   | Noticed a cane toad
  9517 | Lair:1   | Killed a cane toad
  9881 | Lair:2   | Noticed Maggie
  9881 | Lair:2   | Noticed a cane toad
  9915 | Lair:2   | Noticed a cane toad
  9923 | Lair:2   | Killed a cane toad
  9924 | Lair:2   | Reached skill level 11 in Unarmed Combat
  9924 | Lair:2   | Gained mutation: You are partially covered in sharp spines.
                  | [demonic ancestry]
  9924 | Lair:2   | Reached XP level 11. HP: 77/83 MP: 15/15
  9994 | Lair:2   | Noticed Prince Ribbit
  9997 | Lair:2   | Killed Prince Ribbit
 10016 | Lair:2   | You fall into a shaft and drop 1 floor!
 10043 | Lair:3   | Noticed Amaemon
 10052 | Lair:3   | Killed Amaemon
 10142 | Lair:3   | Found a staircase to the Shoals.
 10310 | Lair:3   | Reached skill level 12 in Unarmed Combat
 10374 | Lair:3   | Noticed Rupert
 10375 | Lair:3   | Paralysed by Rupert for 2 turns
 10405 | Lair:2   | Identified the +1 robe of Zatwist {Drain rPois rCorr Int+3}
 10723 | Lair:2   | Found a hole to the Spider Nest.
 10725 | Lair:2   | Killed Maggie
 10730 | Lair:2   | Reached ** piety under Wu Jian
 11227 | Lair:3   | Noticed Kirke
 11248 | Lair:3   | Paralysed by Rupert for 5 turns
 11770 | D:9      | Reached skill level 13 in Unarmed Combat
 11889 | D:9      | Noticed Grum
 11896 | D:9      | Killed Grum
 11961 | D:9      | Noticed Maurice
 11969 | D:9      | Killed Maurice
 12214 | D:10     | Entered Level 10 of the Dungeon
 12216 | D:10     | Noticed Urug
 12293 | D:10     | Noticed Sonja
 12302 | D:10     | Killed Sonja
 12307 | D:10     | Reached XP level 12. HP: 32/89 MP: 16/16
 12778 | D:10     | Found a staircase to the Orcish Mines.
 12901 | D:10     | Noticed a two-headed ogre
 13243 | D:10     | Reached skill level 14 in Unarmed Combat
 13244 | D:10     | Reached *** piety under Wu Jian
 13264 | D:10     | Found a shadowy altar of Dithmenos.
 13320 | D:10     | Killed a two-headed ogre
 13321 | D:10     | Reached skill level 1 in Shields
 13843 | D:10     | Killed Urug
 14305 | D:11     | Found Yvun's Jewellery Emporium.
 14461 | D:11     | Reached skill level 5 in Shields
 14478 | D:11     | Noticed Josephine
 14488 | D:11     | Killed Josephine
 14659 | D:11     | Found a runed translucent door.
 14663 | D:11     | Noticed an ice dragon
 14663 | D:11     | Found the +2 shield of Resistance {rF++ rC++ Will++}
 14666 | D:11     | Noticed a fire dragon
 14666 | D:11     | Noticed a fire dragon
 14667 | D:11     | Noticed an ice dragon
 14777 | D:11     | Found a runed translucent door.
 15299 | D:12     | Found a corrupted altar of Lugonu.
 15410 | D:12     | Reached **** piety under Wu Jian
 15488 | D:12     | Noticed a boulder beetle
 15517 | D:12     | Killed a boulder beetle
 15558 | D:12     | Found a gate leading to a gauntlet.
 15576 | Gauntlet | Entered a Gauntlet
 15576 | Gauntlet | Found a transporter.
 15576 | Gauntlet | Found a transporter.
 15580 | Gauntlet | Found a transporter.
 15583 | Gauntlet | Found a transporter.
 15583 | Gauntlet | Found a transporter.
 15598 | Gauntlet | Found a transporter.
 15614 | Gauntlet | Found a transporter.
 15664 | Gauntlet | Found a transporter.
 15664 | Gauntlet | Found a transporter.
 15665 | Gauntlet | Found a transporter.
 15666 | Gauntlet | Noticed a quicksilver ooze
 15682 | Gauntlet | Found a transporter.
 15693 | Gauntlet | Found a transporter.
 15703 | Gauntlet | Found a transporter.
 15713 | Gauntlet | Noticed an entropy weaver
 15717 | Gauntlet | Found a transporter.
 15897 | Gauntlet | Identified the +1 helmet of Guwieheg {rPois rN+++ Dex+3
                  | Stlth-}
 16144 | Gauntlet | Identified the +2 pair of boots of Xisout {Fly}
 16186 | Gauntlet | Found the +0 mask of the Dragon {Will+ Slay+3 SInv}
 16186 | Gauntlet | Noticed a minotaur
 16227 | Gauntlet | Killed a minotaur
 16228 | Gauntlet | Gained mutation: You are completely covered in yellow
                  | scales. (AC +4, rCorr) [demonic ancestry]
 16228 | Gauntlet | Reached XP level 13. HP: 24/96 MP: 14/17
 16254 | Gauntlet | Got the Lectures on the Caves and the Shapeshifter
 16277 | Gauntlet | Identified the +0 ring mail of Wuyducs {rC+++ Str-5 Int+4}
 16878 | D:12     | Identified the +0 robe of Impermeability {Contam rElec
                  | Will+}
 17335 | D:5      | Killed Logoto's ghost
 17531 | Lair:3   | Killed Kirke
 17601 | Lair:3   | Killed Rupert
 18427 | Lair:4   | Reached skill level 10 in Shields
 18503 | Lair:4   | Noticed Nessos
 18513 | Lair:4   | Killed Nessos
 18746 | Lair:4   | Reached skill level 15 in Unarmed Combat
 18887 | Lair:4   | Found a viscous altar of Jiyva.
 18887 | Lair:4   | Found a staircase to the Slime Pits.
 19445 | Lair:5   | Entered Level 5 of the Lair of Beasts
 19486 | Lair:4   | Reached ***** piety under Wu Jian
 19610 | Lair:5   | Gained mutation: You are mostly covered in sharp spines.
                  | [demonic ancestry]
 19610 | Lair:5   | Reached XP level 14. HP: 75/104 MP: 18/18
 20346 | Lair:5   | Reached skill level 16 in Unarmed Combat
 20881 | Lair:5   | Found a corrupted altar of Lugonu.
 20881 | Lair:5   | Found a one-way gate to the infinite horrors of the Abyss.
 20888 | Lair:5   | Identified the +6 battleaxe of Dismemberment {heavy, rN+}
 21643 | Orc:1    | Entered Level 1 of the Orcish Mines
 22422 | Orc:2    | Entered Level 2 of the Orcish Mines
 22422 | Orc:2    | Found a staircase to the Elven Halls.
 22887 | Orc:2    | Reached skill level 17 in Unarmed Combat
 22907 | Orc:2    | Noticed an orc warlord
 23278 | Orc:2    | Killed an orc warlord
 23557 | Orc:2    | Found Funokk's Distillery.
 23661 | Orc:2    | Bought a potion of berserk rage for 50 gold pieces
 23661 | Orc:2    | Bought a potion of curing for 30 gold pieces
 23702 | Orc:2    | Reached XP level 15. HP: 112/112 MP: 21/21
 23713 | Orc:2    | Found Tisakiam's Antique Armour Boutique.
 23718 | Orc:2    | Found Viar Cyba's General Store.
 23718 | Orc:2    | Found Suaf's Book Shop.
 23771 | Orc:2    | Found Foarovuf's Antique Weapon Boutique.
 23782 | Orc:2    | Bought 4 atropa-tipped darts for 39 gold pieces
 23792 | Orc:2    | Bought an embroidered cloak for 210 gold pieces
 24076 | Shoals:1 | Entered Level 1 of the Shoals
 24152 | Shoals:1 | Noticed Frances
 24166 | Shoals:1 | Killed Frances
 24166 | Shoals:1 | Noticed Jorgrun
 24167 | Shoals:1 | Reached skill level 5 in Spellcasting
 24174 | Shoals:1 | Killed Jorgrun
 24232 | Shoals:1 | Noticed Mlioglotl
 24562 | Spider:1 | Entered Level 1 of the Spider Nest
 25459 | Spider:1 | HP: 4/113 [ghost moth (11)]
 25473 | Spider:1 | HP: 1/113 [entropy weaver simulacrum (5)]
 26048 | Spider:1 | Reached skill level 18 in Unarmed Combat
 27036 | Spider:2 | You are sucked into a shaft and drop 1 floor!
 27267 | Spider:2 | Mangled by a radroach

Illustrated notes

Levels and vault maps discovered:
D:1:      shiori_arrival_whats_in_store_for_you, layout_basic, serial_shops,
          nicolae_diamond_shop, amcnicky_mini_corridor_feature
D:2:      layout_basic
D:3:      layout_loops_corners, basic_ecumenical_altar, serial_shops,
          nicolae_shop_peninsula, kennysheep_donut, kennysheep_crisscross,
          minmay_misc_feat_hallway
D:4:      layout_rooms, okawaru_metal_pillars_1_2, vehumet_altar_wand_db,
          kennysheep_mini, nicolae_ru_awakened_eye, minmay_crossroads
D:5:      layout_basic, mainiacjoe_overflow_brackets,
          mainiacjoe_overflow_chevrons, nicolae_overflow_squiral, temple_pool_b,
          ebering_ghost_sewer_f, minmay_between
D:6:      layout_basic, hangedman_decor_diamond_cutter, uniq_blork_the_orc
D:7:      layout_cave_pods
D:8:      layout_rooms, hellmonk_lair_entry_icy, serial_shops,
          nicolae_shop_behind_doors
D:9:      layout_loops_cross, elyvilon_altar_5, grunt_decor_one_mirror,
          chequers_serial_rivers_room_a, uniq_grum, uniq_maurice
D:10:     layout_layer_cave, nicolae_dithmenos_shadow_blocks, erik_orc_4,
          uniq_urug, uniq_sonja
D:11:     layout_basic, serial_shops, shop, minmay_guarded_unrand_resistance,
          uniq_josephine
D:12:     kennysheep_kobold_lugonu_temple, layout_stronghold,
          gauntlet_entry_generic, chequers_serial_rivers_room_a
Temple:   nicolae_temple_ecumenical_triangle
Lair:1:   wander_river, layout_small_grid, serial_bayou_shore_b,
          infiniplex_staircase_pool_2, grunt_megastairs_2, serial_bayou_shore_a
Lair:2:   layout_gridlike, spider_nest_entry_webs, uniq_prince_ribbit2,
          uniq_maggie
Lair:3:   layout_cave_pods, minmay_shoals_entry_beasts, basic_altar,
          st_stairs_13, uniq_rupert, uniq_kirke, uniq_amaemon
Lair:4:   layout_cave_pods, slime_entry_1, grunt_megastairs_3, uniq_nessos
Lair:5:   hellmonk_lair_end_abyssal_woods, layout_small_grid,
          grunt_megastairs_4, infiniplex_staircase_pool
Shoals:1: layout_shoals, nicolae_shoals_goliath_grotto, uniq_frances,
          uniq_mlioglotl, uniq_jorgrun
Spider:1: layout_spider_delve, nicolae_spider_orb_run
Spider:2: layout_spider_delve
Spider:3: gammafunk_boulding_lane, gammafunk_ghost_grave
Orc:1:    layout_caves, basic_altar
Orc:2:    st_orc_congregation, layout_diamond_mine, serial_shops, shop

Skill      XL: |  1  2  3  4  5  6  7  8  9 10 11 12 13 14 15 |
---------------+----------------------------------------------+-----
Armour         | 1 2 |  2.4
Translocations | 3 4 5 |  5.0
Dodging        | 2 3 4 5 6 7 |  7.8
Long Blades    | 2 |  2.1
Short Blades   | 1 |  1.0
Fighting       | 3 4 5 6 7 8 9 |  9.6
Unarmed Combat | 1 2 3 6 8 11 13 14 15 17 18 | 18.6
Polearms       | 1 |  1.0
Stealth        | 1 2 3 4 |  4.2
Throwing       | 1 2 |  2.3
Air Magic      | 2 3 |  3.0
Evocations     | 1 |  1.2
Spellcasting   | 3 4 6 |  6.7
Shields        | 8 10 11 12 | 12.6

Action                     |  1- 3 |  4- 6 |  7- 9 | 10-12 | 13-15 || total
---------------------------+-------+-------+-------+-------+-------++-------
  Melee: Falchion          |    40 |   113 |       |       |       ||   153
         Punch             |     1 |     2 |     8 |    21 |       ||    32
         Rapier            |   130 |    51 |       |       |       ||   181
         Trident           |       |    38 |   111 |       |       ||   149
         Unarmed           |       |       |    99 |   552 |  1218 ||  1869
  Throw: Dart              |       |       |     3 |     6 |    13 ||    22
   Cast: Blink             |       |     2 |       |     2 |     3 ||     7
         Swiftness         |       |       |       |     1 |     2 ||     3
 Invoke: Serpent's Lash    |       |       |       |       |     5 ||     5
         Heavenly Storm    |       |       |       |       |     4 ||     4
Ability: Lunge             |       |       |     3 |    49 |   121 ||   173
         Whirlwind         |       |       |       |   167 |   481 ||   648
         Wall Jump         |       |       |       |     1 |     1 ||     2
  Evoke: Wand              |       |       |     7 |     2 |     2 ||    11
         Condenser vane    |       |       |       |       |     1 ||     1
    Use: Scroll            |       |       |     7 |     3 |    13 ||    23
         Potion            |       |       |       |     1 |     1 ||     2
   Stab: Sleeping          |       |     2 |     1 |     6 |    10 ||    19
         Distracted        |       |       |     1 |       |     1 ||     2
 Armour: Leather armour    |    10 |       |       |       |       ||    10
         Ring mail         |    82 |     6 |       |       |       ||    88
         Robe              |       |    80 |    80 |   102 |   182 ||   444
  Dodge: Dodged            |    94 |   173 |   117 |   170 |   310 ||   864
  Block: Other             |       |       |    56 |    40 |       ||    96
         Reflection        |       |       |     6 |     4 |    22 ||    32
         Kite shield       |       |       |       |   132 |   430 ||   562
         Tower shield      |       |       |       |       |   367 ||   367
